 Dungeon Crawl Stone Soup version 0.31-a0-180-g519b7de00c (webtiles) character file.

Game seed: 6671472917972312763

348 Maxmaps the Slasher (level 6, -3/44 HPs)
             Began as a Demonspawn Gladiator on June 19, 2023.
             Slain by an iguana (7 damage)
             ... on level 5 of the Dungeon.
             The game lasted 00:03:34 (3472 turns).

Maxmaps the Slasher (Demonspawn Gladiator)          Turns: 3472, Time: 00:03:34

Health: -3/44      AC:  6    Str: 14    XL:     6   Next: 33%
Magic:  6/6        EV: 12    Int: 11    God:
Gold:   176        SH:  9    Dex: 15    Spells: 5/5 levels left

rFire   + + .        a - +0 long sword
rCold   . . .        k - +0 buckler
rNeg    + . .        n - +1 leather armour of Wiajity {rF++}
rPois   .            c - +1 helmet
rElec   .            (no cloak)
rCorr   .            (no gloves)
SInv    +            (no boots)
Will    .....        (no amulet)
Stlth   +            u - ring of positive energy
HPRegen 0.27/turn    v - ring of see invisible
MPRegen 0.10/turn

%: no passive effects
@: no status effects
A: large bone plates 1, weakness stinger 1
a: no special abilities


You were on level 5 of the Dungeon.
You visited 1 branch of the dungeon, and saw 5 of its levels.

You collected 176 gold pieces.

Inventory:

Hand Weapons
 a - a +0 long sword (weapon)
Missiles
 d - 3 throwing nets (quivered)
 e - 7 javelins
Armour
 b - a +0 leather armour
 c - a +1 helmet (worn)
 g - an orb of energy
 k - a +0 buckler (worn)
 n - the +1 leather armour of Wiajity (worn) {rF++}
   (You found it on level 2 of the Dungeon)

   rF:        It greatly protects you from fire.
 r - a scarf of harm
Jewellery
 f - an amulet of guardian spirit
 l - the ring of Kunef {Wiz Drain Int+4}
   (You found it on level 2 of the Dungeon)

   [ring of wizardry]

   It improves your spell success rate.
   Int:       It affects your intelligence (+4).
   Drain:     It drains your maximum health when unequipped.
 u - a ring of positive energy (left hand)
 v - a ring of see invisible (right hand)
Scrolls
 j - a scroll of enchant armour
 m - a scroll of fear {unknown}
 o - 2 scrolls of identify
 q - a scroll of blinking {unknown}
 t - a scroll of enchant weapon {unknown}
 w - 3 scrolls of revelation {unknown}
 x - a scroll of immolation {unknown}
Potions
 h - 3 potions of curing
 i - a potion of heal wounds
 p - a potion of lignification {unknown}
 s - a potion of mutation {unknown}


   Skills:
 - Level 2.0 Fighting
 - Level 4.7 Long Blades
 - Level 1.7 Throwing
 - Level 2.6 Dodging
 + Level 4.3 Shields


You had 5 spell levels left.
You didn't know any spells.
Your spell library contained the following spells:

 Spells                   Type           Power      Damage    Failure   Level
 Dazzling Flash           Conj/Hex       0%         N/A       87%         3
 Inner Flame              Hex/Fire       0%         N/A       87%         3
 Volatile Blastmotes      Fire/Tloc      0%         2d10      87%         3
 Flame Wave               Conj/Fire      0%         2d4       99%         4
 Iskenderun's Mystic Bla  Conj/Tloc      0%         2d3       99%         4
 Sticky Flame             Conj/Fire      0%         2d3       99%         4
 Starburst                Conj/Fire      0%         6d3       100%        6


Dungeon Overview and Level Annotations

Branches:
Dungeon (5/15)
 Temple: D:4-7

Altars:
Ashenzari
Fedhas
Nemelex Xobeh
Qazlal
Uskayaw
Wu Jian

Shops:
D:2 =

Annotations:
D:4 2 transporters


Innate Abilities, Weirdness & Mutations

You are partially covered in large bone plates. (SH +4)
You have a small tail.


Message History

You are too injured to fight recklessly!
You are too injured to fight recklessly!
You are too injured to fight recklessly!
You are too injured to fight recklessly!
You are too injured to fight recklessly!
You are too injured to fight recklessly!
You are too injured to fight recklessly!
An iguana is nearby!
You are too injured to fight recklessly!
You hit the iguana.
The iguana is moderately wounded.
You block the iguana's attack.
You hit the iguana but do no damage.
Your tail-slap misses the iguana.
The iguana is moderately wounded.
You block the iguana's attack. x2
You completely miss the iguana.
The iguana is moderately wounded.
The iguana bites you.
You barely miss the iguana.
The iguana is moderately wounded.
The iguana misses you.
You closely miss the iguana.
The iguana is moderately wounded.
You block the iguana's attack.
You hit the iguana.
The iguana is heavily wounded.
The iguana closely misses you.
The iguana hisses menacingly.
The iguana misses you.
You barely miss the iguana.
The iguana is heavily wounded.
You block the iguana's attack.
You hit the iguana but do no damage.
Your tail-slap misses the iguana.
The iguana is heavily wounded.
The iguana bites you!
* * * LOW HITPOINT WARNING * * *
You hit the iguana but do no damage.
The iguana is heavily wounded.
The iguana bites you!
You die...

####.### # #.. #.## ##
#... #..# #. #... ###
##.# ## #... .. #.# #
####...##.### #.#
............## ##.###..
.............## #.......
........@l...##.##..###..
##.....#.##........#
#.....#.......##.##
####.....####### #.#
#........# ##.######
#.#......# #.......#
####.#......# #..####.#
..#.#......## ###..####..
#.#.........##
#..........


You could see an iguana.

Vanquished Creatures
  A scorpion (D:4)
  A howler monkey (D:4)
  A jelly (D:5)
  Jessica (D:2)
  An iguana (D:5)
  A sleepcap (D:4)
  2 orc wizards (D:5)
  2 adders
  A white imp (D:5)
  2 dart slugs
  9 orcs
  4 ball pythons (D:2)
  5 bats
  6 endoplasms
  3 giant cockroaches
  3 goblins
  3 hobgoblins
  4 jackals (D:1)
  2 kobolds
  2 quokkas
  A frilled lizard (D:2)
  9 rats
64 creatures vanquished.

Notes
Turn   | Place    | Note
-------+----------+-------------------------------------------
     0 | D:1      | Maxmaps the Demonspawn Gladiator began the quest for the
                  | Orb.
     0 | D:1      | Reached XP level 1. HP: 16/16 MP: 1/1
   289 | D:1      | Gained mutation: You have a small tail. [demonic ancestry]
   289 | D:1      | Reached XP level 2. HP: 16/22 MP: 2/2
   853 | D:2      | Reached XP level 3. HP: 27/27 MP: 3/3
   878 | D:2      | You fall into a shaft and drop 2 floors!
   879 | D:4      | Noticed a scorpion
   897 | D:4      | Killed a scorpion
   898 | D:4      | Gained mutation: You are partially covered in large bone
                  | plates. (SH +4) [demonic ancestry]
   898 | D:4      | Reached XP level 4. HP: 14/33 MP: 4/4
  1112 | D:2      | Identified the ring of Kunef {Wiz Drain Int+4}
  1119 | D:2      | Found Olaeloyj's Jewellery Shop.
  1224 | D:2      | Reached skill level 1 in Shields
  1225 | D:2      | Identified the +1 leather armour of Wiajity {rF++}
  1325 | D:2      | Noticed Jessica
  1334 | D:2      | Killed Jessica
  1733 | D:3      | Reached XP level 5. HP: 38/38 MP: 5/5
  1916 | D:3      | Found a sparkling altar of Nemelex Xobeh.
  1968 | D:3      | Found a blossoming altar of Fedhas.
  2201 | D:3      | Found a faded altar of an unknown god.
  2376 | D:4      | Found a broken altar of Ashenzari.
  2378 | D:4      | Found a hide-covered altar of Uskayaw.
  2380 | D:4      | Found a stormy altar of Qazlal.
  2434 | D:4      | Found an ornate altar of the Wu Jian Council.
  2550 | D:4      | Found a transporter.
  2600 | D:4      | Found a transporter.
  2843 | D:5      | Entered Level 5 of the Dungeon
  2944 | D:5      | Reached XP level 6. HP: 27/44 MP: 6/6
  3472 | D:5      | Slain by an iguana

Illustrated notes

Levels and vault maps discovered:
D:1:      mrwooster_arrival_statue, layout_basic, minmay_tromino_v4_b
D:2:      layout_rooms, serial_shops, nicolae_shop_tiny_real_fake_doors,
          basic_altar, uniq_jessica
D:3:      layout_loops_ring, jmf_multi_god_temple, nemelex_dance_club_becter,
          hellmonk_ecumenical_altar_inner_sanctum
D:4:      layout_cave_pools, mainiacjoe_overflow_alcove_3,
          gammafunk_ghost_gnarly_gnolls
D:5:      layout_loops_cross, mainiacjoe_overflow_cross_hatched

Skill      XL: |  1  2  3  4  5  6 |
---------------+-------------------+-----
Long Blades    | 3 4 |  4.7
Shields        | 1 3 4 |  4.3
Fighting       | |  2.0
Throwing       | |  1.7
Dodging        | |  2.6

Action                     |  1- 3 |  4- 6 || total
---------------------------+-------+-------++-------
  Melee: Long sword        |    81 |   148 ||   229
         Tailslap          |     8 |    15 ||    23
    Use: Scroll            |       |     5 ||     5
         Potion            |       |     1 ||     1
   Stab: Sleeping          |     1 |     1 ||     2
 Armour: Leather armour    |    22 |    38 ||    60
  Dodge: Dodged            |    66 |    71 ||   137
  Block: Buckler           |       |    56 ||    56

Table legend: (Time is in decaauts)
 A = Elapsed time spent in this place.
 B = Non-inter-level travel time spent in this place.
 C = Inter-level travel time spent in this place.
 D = Time resting spent in this place.
 E = Time spent auto-exploring this place.
 F = Levels seen in this place.
 G = Mean time per level.
                   A        B        C        D        E       F      G
               +--------+--------+--------+--------+--------+-----+--------+
         Total |   3519 |   3172 |    347 |    186 |   2437 |   5 |  703.8 |
       Dungeon |   3519 |   3172 |    347 |    186 |   2437 |   5 |  703.8 |
               +--------+--------+--------+--------+--------+-----+--------+

Top non-repeatable levels by time:
     D:3: 861 daAuts
     D:1: 793 daAuts
     D:4: 747 daAuts
     D:5: 644 daAuts
     D:2: 473 daAuts
